 Dungeon Crawl Stone Soup version 0.29-a0-1006-g0dd7720b37 (webtiles) character file.

Game seed: 15677068440674478521

30 BritishOli the Trooper (level 3, 27/29 HPs)
             Began as a Demonspawn Fighter on Aug 6, 2022.
             Got out of the dungeon alive.
             The game lasted 00:00:50 (1001 turns).

BritishOli the Trooper (Demonspawn Fighter)         Turns: 1001, Time: 00:00:50

Health: 27/29      AC:  6    Str: 18    XL:     3   Next: 3%
Magic:  3/3        EV:  9    Int:  9    God:
Gold:   5          SH:  4    Dex: 12    Spells: 2/2 levels left

rFire   . . .      SeeInvis .   a - +0 long sword
rCold   . . .      Faith    .   c - +0 buckler
rNeg    . . .      Spirit   +   b - +0 scale mail
rPois   .          Reflect  .   (no helmet)
rElec   .          Harm     .   (no cloak)
rCorr   .          Rampage  .   (no gloves)
Will    .....                   (no boots)
Stlth   ..........              f - amulet of guardian spirit
HPRegen 0.09/turn               (no ring)
MPRegen 0.08/turn               (no ring)

@: no status effects
A: demonic guardian 1, sanguine armour 1
a: no special abilities


You escaped.
You visited 1 branch of the dungeon, and saw 2 of its levels.

You collected 5 gold pieces.

Inventory:

Hand Weapons
 a - a +0 long sword (weapon)
 o - a +0 long sword
Armour
 b - a +0 scale mail (worn)
 c - a +0 buckler (worn)
Jewellery
 f - an amulet of guardian spirit (around neck)
Scrolls
 i - 2 scrolls of vulnerability {unknown}
 l - a scroll of blinking {unknown}
 m - a scroll of identify {unknown}
 n - a scroll of teleportation {unknown}
Potions
 d - 2 potions of might
 e - a potion of degeneration {unknown}
 g - a potion of resistance {unknown}
 h - a potion of magic {unknown}
 j - a potion of curing {unknown}
 k - a potion of brilliance {unknown}


   Skills:
 + Level 3.3 Fighting
 + Level 2.2 Long Blades
 + Level 3.0 Armour
 + Level 3.0 Shields


You had 2 spell levels left.
You didn't know any spells.
Your spell library was empty.

Dungeon Overview and Level Annotations

Branches:
Dungeon (2/15)

Altars:


Innate Abilities, Weirdness & Mutations

A weak demonic guardian rushes to your aid.
When seriously injured, your blood forms armour. (AC +0)


Message History

Your Armour skill increases to level 3!
Your Shields skill increases to level 3!
You have reached level 3!
Your experience leads to an increase in your attributes!
Increase (S)trength, (I)ntelligence, or (D)exterity?
You feel stronger. x2; Your demonic ancestry asserts itself...
You feel the presence of a demonic guardian.
You see here an adder corpse.
You see here a +0 long sword.
o - a +0 long sword
Okay, then.
(D) Dungeon
Where to? (Enter - D:2 @ (x,y), ? - help)
A goblin comes into view. It is wielding a +0 dagger.
The goblin shouts!
(D) Dungeon
Where to? (Enter - D:1, ? - help)
Okay, then.
The goblin hits you but does no damage.
You hit the goblin.
You kill the goblin!
No target in view!
No target in view!
(D) Dungeon
Where to? (Enter - D:1, ? - help)
Your blood armour dries and flakes away.
You see here an adder corpse.
There is a stone staircase leading up here.
You climb upwards.
There is a stone staircase leading down here.
There is an open door here.
You open the door.
There is an open door here.
You see here a +0 ring mail.
There is a staircase leading out of the dungeon here.
(D) Dungeon
Where to? (Enter - D:1 @ (x,y), ? - help)
Okay, then.
Are you sure you want to leave the Dungeon?
This will make you lose the game!
You have escaped!

######.# ##.#..............
#......# #......[..........
#.########.############.>..
#.#P.............P# #####
#.#~P...........P~#####....
#.#~~P.........P~≈#........
#.#≈≈~P.......P≈≈≈#........
#.#≈≈~~P.....P~≈≈≈#........
#######.#≈≈≈~~P.@.P~~≈≈≈#........
........#≈≈≈≈P.....P~≈≈≈#####..#.
.########≈~~P.......P~≈≈# #.#.#
.##...# #≈~P.........P~≈# #..#.
.##...# #~P...........P~#######.#
.##...###P.............P##.....#.
.++...'...........########....#.#
.##...###########.# #....'.....#.
.'....# #.# #.####....#.#


There were no monsters in sight!

Vanquished Creatures
  An adder (D:2)
  2 ball pythons (D:1)
  A giant cockroach (D:1)
  3 goblins
  5 hobgoblins (D:1)
  2 bats (D:1)
  3 frilled lizards (D:1)
  3 rats (D:1)
20 creatures vanquished.

Notes
Turn   | Place    | Note
-------+----------+-------------------------------------------
     0 | D:1      | BritishOli the Demonspawn Fighter began the quest for the
                  | Orb.
     0 | D:1      | Reached XP level 1. HP: 18/18 MP: 1/1
   340 | D:1      | Gained mutation: When seriously injured, your blood forms
                  | armour. (AC +0) [demonic ancestry]
   340 | D:1      | Reached XP level 2. HP: 22/24 MP: 2/2
   909 | D:2      | Gained mutation: A weak demonic guardian rushes to your
                  | aid. [demonic ancestry]
   909 | D:2      | Reached XP level 3. HP: 18/29 MP: 3/3
  1001 | D:$      | Got out of the dungeon alive.

Illustrated notes

Levels and vault maps discovered:
D:1:      eino_arrival_druids_welcome, layout_basic, minivault_23
D:2:      layout_loops_cross, hellmonk_ecumenical_altar_heavens_door

Skill      XL: |  1  2 |
---------------+-------+-----
Long Blades    | 2 |  2.2
Armour         | 3 |  3.0
Shields        | 3 |  3.0
Fighting       | |  3.3

Action                   || total
-------------------------++-------
Melee: Long sword        ||    79
Armor: Scale mail        ||    38
Dodge: Dodged            ||    34
Block: Buckler           ||    16

Table legend: (Time is in decaauts)
 A = Elapsed time spent in this place.
 B = Non-inter-level travel time spent in this place.
 C = Inter-level travel time spent in this place.
 D = Time resting spent in this place.
 E = Time spent auto-exploring this place.
 F = Levels seen in this place.
 G = Mean time per level.
                   A        B        C        D        E       F      G
               +--------+--------+--------+--------+--------+-----+--------+
         Total |   1028 |    929 |     99 |      0 |    756 |   2 |  514.0 |
       Dungeon |   1028 |    929 |     99 |      0 |    756 |   2 |  514.0 |
               +--------+--------+--------+--------+--------+-----+--------+

Top non-repeatable levels by time:
     D:1: 965 daAuts
     D:2: 62 daAuts
